 Dungeon Crawl Stone Soup version 0.30-a0-23-ge60ba3568b (webtiles) character file.

Game seed: 8259908373126332777

4456 voltaire321 the Conjurer (level 9, 0/74 HPs)
             Began as a Demigod Conjurer on Aug 25, 2022.
             Slain by a water moccasin (3 damage)
             ... on level 8 of the Dungeon on Aug 26, 2022.
             The game lasted 00:32:26 (10379 turns).

voltaire321 the Conjurer (Demigod Conjurer)        Turns: 10379, Time: 00:32:27

Health: 0/74       AC: 12    Str: 28    XL:     9   Next: 93%
Magic:  15/20      EV: 12    Int: 24    God:
Gold:   235        SH:  0    Dex: 12    Spells: 9/18 levels left

rFire   + . .      SeeInvis .    x - +3 flail (protect)
rCold   + . .      Faith    .    (no shield)
rNeg    . . .      Spirit   .    y - +4 scale mail {rPois}
rPois   +          Reflect  .    (no helmet)
rElec   +          Harm     .    z - +0 cloak
rCorr   +          Rampage  .    (no gloves)
Will    .....                    (no boots)
Stlth   ..........               (no amulet)
HPRegen 0.22/turn                v - +6 ring of strength
MPRegen 0.17/turn                m - +6 ring of strength

@: resistant
A: high MP 1, forlorn, divine attributes
a: no special abilities


You were on level 8 of the Dungeon.
You visited 1 branch of the dungeon, and saw 8 of its levels.
You also visited: Sewer.

You collected 477 gold pieces.
You spent 242 gold pieces at shops.

Inventory:

Hand Weapons
 e - a +0 dagger
 r - a +1 vorpal hand axe
 x - a +3 flail of protection (weapon)
 E - a +0 scimitar of freezing
Missiles
 F - 2 throwing nets
Armour
 a - a +1 robe
 y - a +4 scale mail of poison resistance (worn)
 z - a +0 cloak (worn)
Jewellery
 c - a ring of flight
 f - a ring of poison resistance
 m - a +6 ring of strength (right hand)
 n - a ring of positive energy
 v - a +6 ring of strength (left hand)
Wands
 d - a wand of flame (38)
 A - a wand of polymorph (13)
 B - a wand of paralysis (1)
Scrolls
 g - 11 scrolls of identify
 h - 4 scrolls of magic mapping
 k - a scroll of butterflies
 l - 2 scrolls of fear
 p - 3 scrolls of blinking
 s - 8 scrolls of teleportation
 t - a scroll of poison
 C - a scroll of silence {unknown}
Potions
 b - a potion of magic
 i - a potion of brilliance
 j - 3 potions of curing
 o - 2 potions of haste
 u - a potion of invisibility
 w - 3 potions of flight
 D - 2 potions of resistance
Miscellaneous
 q - a condenser vane


   Skills:
 + Level 5.1 Fighting
 + Level 4.9 Armour
 + Level 5.6 Dodging
 - Level 1.7 Stealth
 + Level 5.2 Spellcasting
 + Level 6.4 Conjurations
 + Level 4.8 Ice Magic
 + Level 3.9 Earth Magic


You had 9 spell levels left.
You knew the following spells:

 Your Spells              Type           Power      Damage    Failure   Level
a - Magic Dart            Conj           100%       1d8       1%          1
b - Searing Ray           Conj           74%        2d7       1%          2
c - Frozen Ramparts       Ice            58%        1d9       7%          3
d - Stone Arrow           Conj/Erth      62%        3d10      6%          3

Your spell library contained the following spells:

 Spells                   Type           Power      Damage    Failure   Level
 Freeze                   Ice            100%       1d11      2%          1
 Foxfire                  Conj/Fire      84%        2x1d8     4%          1
 Shock                    Conj/Air       84%        1d8       4%          1
 Conjure Flame            Conj/Fire      21%        6-21      14%         3
 Dazzling Flash           Conj/Hex       42%        N/A       14%         3
 Hailstorm                Conj/Ice       33%        3d8       17%         4
 Necrotise                Necr           24%        1d5       19%         1
 Slow                     Hex            24%        N/A       19%         1
 Sublimation of Blood     Necr           6%         N/A       26%         2
 Flame Wave               Conj/Fire      21%        2d8       43%         4
 Fulminant Prism          Conj/Hex       10%        3d9       43%         4
 Iskenderun's Mystic Bla  Conj/Tloc      21%        2d6       43%         4
 Confusing Touch          Hex            6%         N/A       47%         3
 Gell's Gravitas          Tloc           6%         N/A       47%         3
 Inner Flame              Hex/Fire       6%         N/A       47%         3
 Lesser Beckoning         Tloc           6%         N/A       47%         3
 Swiftness                Air            6%         N/A       47%         3
 Teleport Other           Tloc           6%         N/A       47%         3
 Tukima's Dance           Hex            6%         N/A       47%         3
 Vampiric Draining        Necr           6%         2d6       47%         3
 Animate Armour           Summ/Erth      30%        N/A       61%         4
 Petrify                  Tmut/Erth      15%        N/A       61%         4
 Irradiate                Conj/Tmut      10%        3d15      78%         5
 Airstrike                Air            3%         2d(1-17)  87%         4
 Cause Fear               Hex            3%         N/A       87%         4
 Passage of Golubria      Tloc           6%         N/A       87%         4
 Agony                    Necr           6%         N/A       99%         5
 Yara's Violent Unravell  Hex/Tmut       3%         3d4       99%         5
 Discord                  Hex            3%         N/A       100%        8
 Lehudib's Crystal Spear  Conj/Erth      15%        10d5      100%        8


Dungeon Overview and Level Annotations

Branches:
Dungeon (8/15)             Temple (0/1) D:5           Sewer (visited)
   Lair: D:8-11

Shops:
D:1 ((*[(   D:3 [   D:4 *   D:6 ?


Innate Abilities, Weirdness & Mutations

You have an increased reservoir of magic. (+10% MP)
You shall have no god before yourself.
Your divine heritage dramatically boosts your attributes as you level up.


Message History

The water moccasin closely misses you.
The searing ray hits the water moccasin!
You kill the water moccasin!
You start resting.
A water moccasin comes into view.
The water moccasin hisses angrily.
You see here a water moccasin corpse.
It was a potion of resistance.
You feel protected.
The water moccasin bites you but does no damage.
Magic courses through your body.
The water moccasin bites you but does no damage.
The water moccasin bites you.
* * * LOW HITPOINT WARNING * * *
Casting: Searing Ray (safe; 1% risk of failure)
Confirm with . or Enter, or press ? or * to list all spells.
Aiming: Searing Ray (safe; 1% risk of failure)
Press: ? - help, Shift-Dir - straight line, f - water moccasin
Aim: a water moccasin (68% to hit)
The searing ray misses the water moccasin. (Press . to maintain the ray.)
The water moccasin bites you.
* * * LOW HITPOINT WARNING * * *
Casting: Searing Ray (safe; 1% risk of failure)
Confirm with . or Enter, or press ? or * to list all spells.
Aiming: Searing Ray (safe; 1% risk of failure)
Press: ? - help, Shift-Dir - straight line, f/p - water moccasin
Aim: a water moccasin (68% to hit)
The searing ray hits the water moccasin!
The water moccasin is moderately wounded. (Press . to maintain the ray.)
The water moccasin misses you.
The water moccasin completely misses you.
The searing ray hits the water moccasin!
The water moccasin is heavily wounded.
The water moccasin bites you but does no damage.
The searing ray hits the water moccasin!
The water moccasin is almost dead.
The water moccasin barely misses you. The water moccasin bites you.
You die...

#.########.###.#
#)# #.# #.# #.#
#)# #.#
####.###.# #.#
#.#
#........#####.#
#.#
#.#####..#.....#
#.# #..#S#####
#†.#.# .
#S##.##....
#.@.........
.......######.(..
.####### ..


You could see a water moccasin.

Vanquished Creatures
  Sigmund (D:6)
  Eustachio (D:4)
  2 yaks (D:8)
  Edmund (D:5)
  An acid dragon (D:8)
  4 water moccasins
  6 black bears
  3 ice beasts
  3 ogres
  2 centaurs (D:6)
  A phantom (D:6)
  2 necrophages
  5 bullfrogs
  3 scorpions
  6 killer bees (D:7)
  3 howler monkeys
  2 jellies
  An orc priest (D:8)
  3 gnoll boudas
  5 hounds
  5 iguanas
  4 orc wizards
  A mummy (D:7)
  9 adders
  14 gnolls
  2 white imps
  4 worms
  3 dart slugs
  10 orcs
  14 endoplasms
  11 giant cockroaches
  5 goblins
  6 hobgoblins
  6 jackals
  A kobold (D:4)
  11 quokkas
  14 ball pythons
  4 bats
  5 frilled lizards
  A hobgoblin zombie (D:7)
  3 kobold zombies (D:7)
  8 rats
196 creatures vanquished.

Vanquished Creatures (others)
  An orc wizard (D:6)
  54 fungi (D:8)
  53 plants (D:8)
108 creatures vanquished.

Grand Total: 304 creatures vanquished

Notes
Turn   | Place    | Note
-------+----------+-------------------------------------------
     0 | D:1      | voltaire321 the Demigod Conjurer began the quest for the
                  | Orb.
     0 | D:1      | Reached XP level 1. HP: 14/14 MP: 5/5
   238 | D:1      | Found Ygi Bety's Antique Weapon Shoppe.
   255 | D:1      | Found Xigungux's Armour Emporium.
   613 | D:1      | Reached XP level 2. HP: 22/22 MP: 5/7
   618 | D:1      | Found Yrimadec's Antique Weapon Boutique.
   812 | D:1      | Found Vowuill's Weapon Boutique.
  1031 | D:1      | Found Vegik's General Store.
  1039 | D:1      | Bought a scroll of identify for 20 gold pieces
  1039 | D:1      | Bought a potion of curing for 30 gold pieces
  1248 | D:2      | Reached skill level 1 in Fighting
  1516 | D:2      | Reached XP level 3. HP: 23/28 MP: 4/8
  1719 | D:2      | Reached skill level 4 in Conjurations
  1722 | D:2      | Learned a level 2 spell: Searing Ray
  1726 | D:2      | Learned a level 3 spell: Frozen Ramparts
  2253 | D:3      | Found a glowing drain.
  2264 | Sewer    | Entered a sewer
  2462 | Sewer    | Reached XP level 4. HP: 24/35 MP: 6/10
  2781 | Sewer    | Reached skill level 1 in Armour
  3234 | Sewer    | Noticed a bullfrog
  3234 | Sewer    | Noticed a bullfrog
  3245 | Sewer    | Killed a bullfrog
  3246 | Sewer    | Reached skill level 1 in Ice Magic
  3246 | Sewer    | Reached XP level 5. HP: 14/41 MP: 5/11
  3778 | D:3      | Found Dulaj's Armour Shoppe.
  3953 | D:4      | Reached XP level 6. HP: 49/49 MP: 3/13
  4134 | D:4      | Found Jakior's General Store.
  4182 | D:4      | Bought a scroll of teleportation for 30 gold pieces
  4323 | D:4      | Noticed Eustachio
  4352 | D:4      | Killed Eustachio
  5100 | D:5      | Entered Level 5 of the Dungeon
  5106 | D:5      | Reached XP level 7. HP: 56/56 MP: 8/14
  5353 | D:5      | Learned a level 3 spell: Stone Arrow
  5651 | D:5      | Reached skill level 5 in Conjurations
  5685 | D:5      | Found a staircase to the Ecumenical Temple.
  5953 | D:5      | Reached skill level 1 in Earth Magic
  6369 | D:5      | Noticed Edmund
  6392 | D:5      | Killed Edmund
  6393 | D:5      | Reached XP level 8. HP: 25/63 MP: 1/16
  7140 | D:6      | Noticed Sigmund
  7172 | D:6      | Killed Sigmund
  7965 | D:6      | Found Teyqec's Magic Scroll Boutique.
  8027 | D:6      | Bought a scroll of blinking for 90 gold pieces
  8027 | D:6      | Bought a scroll of teleportation for 36 gold pieces
  8027 | D:6      | Bought a scroll of teleportation for 36 gold pieces
  8194 | D:6      | Reached XP level 9. HP: 71/71 MP: 13/19
  8944 | D:7      | Reached skill level 5 in Dodging
  9306 | D:7      | Reached skill level 6 in Conjurations
 10045 | D:8      | Reached skill level 5 in Spellcasting
 10069 | D:8      | Reached skill level 5 in Fighting
 10375 | D:8      | HP: 2/74 [water moccasin (4)]
 10379 | D:8      | Slain by a water moccasin

Illustrated notes

Levels and vault maps discovered:
D:1:      minmay_arrival_widening_spiral_narrow, layout_basic, serial_shops,
          shop, shop_statue, nicolae_shop_advertising_works
          [nicolae_subvault_shop_adworks], shop_fountains, shop, minivault_11,
          minmay_pentomino_x4
D:2:      layout_basic, shapermc_ecumenical_altar_mp_vishouse,
          nicolae_concentric_dashed_squares_mild
D:3:      layout_rooms, serial_shops, shop, cheibrodos_sewer_entry_sluice
D:4:      layout_gridville, mainiacjoe_overflow_two_lobes, serial_shops,
          nicolae_shop_hallway_stairs, uniq_eustachio
D:5:      layout_cave_pods, xom_teletrap_fun, minmay_temple_entry_arrows,
          uniq_edmund
D:6:      layout_layer_cave, mainiacjoe_overflow_alcove_1, serial_shops,
          nicolae_shop_statue_plus, minmay_misc_feat_plants,
          kennysheep_generic_room_10, uniq_sigmund
D:7:      layout_loops_cross, grunt_ministairs_11, minmay_mini_ossuary
D:8:      layout_loops_ring, due_lair_maze_entry_diamond

Skill      XL: |  1  2  3  4  5  6  7  8  9 |
---------------+----------------------------+-----
Dodging        | 2 3 4 5 |  5.6
Spellcasting   | 2 3 4 5 |  5.2
Fighting       | 1 2 3 4 5 |  5.1
Conjurations   | 4 5 6 |  6.4
Armour         | 1 2 3 4 |  4.9
Ice Magic      | 1 2 3 4 |  4.8
Earth Magic    | 1 2 3 |  3.9
Stealth        | |  1.7

Action                   |  1- 3 |  4- 6 |  7- 9 || total
-------------------------+-------+-------+-------++-------
Melee: Dagger            |    30 |     2 |       ||    32
       Hand axe          |       |    12 |     9 ||    21
       Punch             |       |       |     1 ||     1
       Flail             |       |       |   111 ||   111
 Cast: Magic Dart        |    93 |   101 |    79 ||   273
       Searing Ray       |       |    18 |    54 ||    72
       Frozen Ramparts   |       |       |     3 ||     3
  Use: Scroll            |       |     7 |     4 ||    11
       Potion            |       |       |     2 ||     2
 Stab: Sleeping          |       |     1 |       ||     1
Armor: Robe              |     7 |    22 |     9 ||    38
       Scale mail        |       |       |    86 ||    86
Dodge: Dodged            |    16 |    49 |   147 ||   212

Table legend: (Time is in decaauts)
 A = Elapsed time spent in this place.
 B = Non-inter-level travel time spent in this place.
 C = Inter-level travel time spent in this place.
 D = Time resting spent in this place.
 E = Time spent auto-exploring this place.
 F = Levels seen in this place.
 G = Mean time per level.
                   A        B        C        D        E       F      G
               +--------+--------+--------+--------+--------+-----+--------+
         Total |  10490 |  10273 |    217 |   2594 |   5984 |   9 | 1165.6 |
       Dungeon |   9179 |   8962 |    217 |   1966 |   5533 |   8 | 1147.4 |
         Sewer |   1310 |   1310 |      0 |    628 |    451 |   1 | 1310.0 |
               +--------+--------+--------+--------+--------+-----+--------+

Top non-repeatable levels by time:
     D:6: 2088 daAuts
     D:5: 1743 daAuts
   Sewer: 1310 daAuts
     D:4: 1163 daAuts
     D:1: 1154 daAuts
     D:7: 1135 daAuts
     D:2: 1036 daAuts
     D:3: 501 daAuts
     D:8: 357 daAuts
